AoeStats
← Goldin555

Arabia

507545462Analyzed
1v1 RM · 13d ago on Sep 18, 2026· 27m 58s· 2 players
Game mode
Random Map
Map size
Tiny (2 player)
Population
200
Speed
Normal
Resources
Standard
Victory
Conquest
Starting age
Dark Age
Ending age
Imperial Age
RankedLock teamsTeams togetherTeam positionsShared explorationLock speedFull tech treeHidden civsTurbo modeCheats
Victory
Defeat
🇳🇱 Bengalis · Netherlands
767
+16
🇬🇷 Spanish · Greece
776
-40
vincentophoff
4:23 Loom
9:59 Feudal Age
20:48 Castle Age
19:05 Horse Collar
19:29 Double-Bit Axe
19:48 Fletching
20:29 Padded Archer Armor
20:30 Gold Mining
20:42 Stone Mining
25:38 Bodkin Arrow
28:42 Ballistics
28:49 Leather Archer Armor
Goldin555
13:23 Feudal Age
13:34 Man-at-Arms
16:45 Wheelbarrow
16:29 Double-Bit Axe
19:09 Bloodlines
20:27 Town Watch
24:45 Castle Age
23:36 Gold Mining
Connection lost

Rejoining the realm…

Still unreachable

The connection could not be restored.

Session expired

The server has moved on; the page needs a fresh start.